 Dungeon Crawl Stone Soup version 0.30-a0-743-gbfdf073431 (webtiles) character file.

Game seed: 17318213254487460445

855 gelatine the Firebug (level 7, -9/46 (51) HPs)
             Began as a Demonspawn Fire Elementalist on Feb 6, 2023.
             Shot with an arrow by a centaur (12 damage)
             ... on level 5 of the Dungeon.
             The game lasted 00:13:31 (4520 turns).

gelatine the Firebug (Demonspawn Fire Elementalist) Turns: 4520, Time: 00:13:32

HP:   -9/46 (51)    AC:  7    Str:  8    XL:     7   Next: 70%
MP:   0/12          EV: 17    Int: 19    God:
Gold: 85            SH:  0    Dex: 13    Spells: 10/13 levels left

rFire   . . .      SeeInvis +    g - +3 dagger (vamp)
rCold   x . .      Faith    .    (no shield)
rNeg    + . .      Spirit   .    d - +1 robe "Moxoegaf" {rC- rN+ Slay+5}
rPois   .          Reflect  .    j - +1 helmet {SInv}
rElec   .          Harm     .    c - +1 cloak of Starlight {*Dazzle EV+4 Stlth--}
rCorr   .          Rampage  .    (no gloves)
Will    .....                    (no boots) Stlth
                                 (no amulet)
HPRegen 0.27/turn                (no ring)
MPRegen 0.13/turn                (no ring)

@: drained
A: claws 2
a: no special abilities


You were on level 5 of the Dungeon.
You visited 1 branch of the dungeon, and saw 5 of its levels.

You collected 183 gold pieces.
You spent 98 gold pieces at shops.

Inventory:

Hand Weapons
 g - a +3 vampiric dagger (weapon)
 m - a +4 quarterstaff of chaos
Missiles
 l - 4 boomerangs of dispersal
Armour
 c - the +1 cloak of Starlight (worn) {*Dazzle EV+4 Stlth--}
   (You acquired it on level 4 of the Dungeon)

   *Dazzle:   It may blind those who miss an attack against the wearer in melee
   combat.
   EV:        It affects your evasion (+4).
   Stlth:     It makes you much less stealthy.
 d - the +1 robe "Moxoegaf" (worn) {rC- rN+ Slay+5}
   (You found it on level 2 of the Dungeon)

   Slay:      It affects your accuracy & damage with ranged weapons and melee
   (+5).
   rC:        It makes you vulnerable to cold.
   rN:        It protects you from negative energy.
 j - a +1 helmet of see invisible (worn)
Wands
 e - a wand of polymorph (10)
 q - a wand of charming (7)
Scrolls
 f - 3 scrolls of teleportation
 i - 2 scrolls of fog
 n - 3 scrolls of enchant weapon {unknown}
 o - 3 scrolls of immolation {unknown}
 p - a scroll of amnesia
Potions
 b - a potion of curing
 h - a potion of flight
 k - a potion of resistance


   Skills:
 * Level 2.3 Fighting
 * Level 1.4 Short Blades
 + Level 1.6 Staves
 * Level 3.2 Dodging
 + Level 2.2 Stealth
 + Level 0.4 Unarmed Combat
 + Level 3.6 Spellcasting
 * Level 3.3 Conjurations
 * Level 5.1 Fire Magic
 * Level 0.4 Evocations


You had 10 spell levels left.
You knew the following spells:

 Your Spells              Type           Power      Damage    Failure   Level
a - Foxfire               Conj/Fire      76%        2x1d7     2%          1
b - Scorch                Fire           46%        2d7       2%          2

Your spell library contained the following spells:

 Spells                   Type           Power      Damage    Failure   Level
 Inner Flame              Hex/Fire       13%        N/A       16%         3
 Kindle Blastsparks       Fire/Tloc/Air  20%        2d11      22%         3
 Flame Wave               Conj/Fire      19%        2d7       26%         4
 Sticky Flame             Conj/Fire      19%        2d4       26%         4
 Gell's Gravitas          Tloc           3%         N/A       38%         3
 Teleport Other           Tloc           3%         N/A       38%         3
 Dispersal                Tloc           1%         N/A       100%        6


Dungeon Overview and Level Annotations

Branches:
Dungeon (5/15)
 Temple: D:4-7

Altars:
Cheibriados
Makhleb
Xom

Shops:
D:4 *


Innate Abilities, Weirdness & Mutations

You have very sharp fingernails.


Message History

As you read the scroll of teleportation, it crumbles to dust.
You feel strangely unstable.
The wight hits you from afar with a +0 halberd.
* * * LOW HITPOINT WARNING * * *
You partially resist.
You feel drained. The wight completely misses you.
The wight closely misses you.
The wight is no longer more vulnerable to fire.
The wight hits you with a +0 long sword.
* * * LOW HITPOINT WARNING * * *
You partially resist.
You feel drained. The wight attacks as you move away! The wight misses you.
The wight attacks as you move away! The wight hits you with a +2 battleaxe.
* * * LOW HITPOINT WARNING * * *
Your surroundings suddenly seem different.
An iguana comes into view.
Read: scroll of fear
Press: ? - help, Q - select action, (/) - cycle Dir - look around, f - activate Look: an iguana (chance to affect: 98%)
As you read the scroll of fear, it crumbles to dust.
You assume a fearsome visage.
The iguana looks frightened!
A centaur comes into view.
The centaur wields a +0 shortbow.
The centaur shoots an arrow.
The arrow hits you.
* * * LOW HITPOINT WARNING * * *
The centaur shoots an arrow.
The arrow misses you.
Casting: Scorch (safe; 2% risk of failure)
Confirm with . or Enter, or press ? or * to list all spells.
You conjure some foxfire!
The centaur shoots an arrow.
The arrow misses you.
The centaur shoots an arrow.
The arrow misses you.
Casting: Foxfire (safe; 2% risk of failure)
Confirm with . or Enter, or press ? or * to list all spells.
You don't have enough magic to cast this spell.
The foxfire hits the iguana.
The iguana is lightly wounded.
Your attack snaps the iguana out of its fear.
The foxfire hits the iguana.
The iguana is lightly wounded.
The centaur shoots an arrow.
The arrow hits you!
You die...

.#####
......#####
.......l..##
..c........#
........§§.#
.........§§#
#.......§§#
#.....@##
########


You could see a centaur and an iguana.

Vanquished Creatures
  Sigmund (D:4)
  Edmund (D:5)
  Duvessa (D:4)
  A phantom (D:4)
  Dowan (D:4)
  A howler monkey (D:4)
  A crimson imp (D:4)
  Crazy Yiuf (D:3)
  Terence (D:3)
  An iguana (D:4)
  2 orc wizards (D:3)
  Ijyb (D:3)
  4 adders (D:4)
  An ufetubus (D:4)
  A worm (D:2)
  3 dart slugs
  6 orcs
  13 ball pythons
  10 endoplasms
  2 giant cockroaches
  5 goblins
  7 hobgoblins
  8 jackals
  3 kobolds (D:3)
  A quokka (D:1)
  2 bats (D:1)
  3 rats
82 creatures vanquished.

Vanquished Creatures (others)
  269 foxfires
  3 plants (D:3)
272 creatures vanquished.

Grand Total: 354 creatures vanquished

Notes
Turn   | Place    | Note
-------+----------+-------------------------------------------
     0 | D:1      | gelatine the Demonspawn Fire Elementalist began the quest
                  | for the Orb.
     0 | D:1      | Reached XP level 1. HP: 13/13 MP: 3/3
    59 | D:1      | Found a faded altar of an unknown god.
   251 | D:1      | Reached skill level 3 in Fire Magic
   312 | D:1      | Gained mutation: You have sharp fingernails. [demonic
                  | ancestry]
   312 | D:1      | Reached XP level 2. HP: 19/19 MP: 0/5
   387 | D:1      | You fall into a shaft and drop 1 floor!
   406 | D:2      | Identified the +1 robe "Moxoegaf" {rC- rN+ Slay+5}
  1231 | D:1      | Reached XP level 3. HP: 24/24 MP: 4/6
  1679 | D:2      | Learned a level 2 spell: Scorch
  2506 | D:3      | Found a snail-covered altar of Cheibriados.
  2537 | D:3      | Gained mutation: You have very sharp fingernails. [demonic
                  | ancestry]
  2537 | D:3      | Reached XP level 4. HP: 25/30 MP: 3/7
  2911 | D:3      | Noticed Ijyb
  2964 | D:3      | Killed Ijyb
  2965 | D:3      | Reached XP level 5. HP: 21/36 MP: 3/9
  3063 | D:3      | Found a runed translucent door.
  3064 | D:3      | Noticed Crazy Yiuf
  3069 | D:3      | Killed Crazy Yiuf
  3070 | D:3      | Reached skill level 1 in Short Blades
  3173 | D:3      | Noticed Terence
  3181 | D:3      | Killed Terence
  3182 | D:3      | Reached skill level 4 in Fire Magic
  3474 | D:4      | Noticed Duvessa
  3474 | D:4      | Noticed Dowan
  3522 | D:4      | Reached skill level 1 in Fighting
  3558 | D:4      | Found Daudgh's General Store.
  3572 | D:4      | Bought a scroll of identify for 28 gold pieces
  3572 | D:4      | Bought a potion of heal wounds for 70 gold pieces
  3573 | D:4      | Identified a scroll of acquirement
  3578 | D:4      | Acquired the +1 cloak of Starlight {*Dazzle EV+4 Stlth--}
  3578 | D:4      | Found the +1 cloak of Starlight {*Dazzle EV+4 Stlth--}
  3658 | D:4      | Reached XP level 6. HP: 43/43 MP: 5/10
  3777 | D:4      | Killed Dowan
  3782 | D:4      | Killed Duvessa
  3783 | D:4      | Reached skill level 1 in Staves
  3983 | D:4      | Reached XP level 7. HP: 44/49 MP: 8/12
  4068 | D:4      | Found a shimmering altar of Xom.
  4068 | D:4      | Found a burning altar of Makhleb.
  4294 | D:4      | Noticed Sigmund
  4300 | D:4      | Killed Sigmund
  4301 | D:4      | Reached skill level 5 in Fire Magic
  4426 | D:5      | Entered Level 5 of the Dungeon
  4482 | D:5      | Noticed Edmund
  4488 | D:5      | Killed Edmund
  4516 | D:5      | HP: 2/46 [centaur/arrow (3)]
  4520 | D:5      | Shot with an arrow by a centaur

Illustrated notes

Levels and vault maps discovered:
D:1:      shiori_shiawase, layout_basic, nicolae_ecumenical_snake_handling,
          serial_forest, infiniplex_forest_straight_4,
          infiniplex_forest_straight_3, infiniplex_forest_lined_1,
          infiniplex_forest_straight_2, infiniplex_forest_lined_1,
          infiniplex_forest_end_3, infiniplex_forest_clump_diagonal,
          chequers_serial_rivers_large_b, nicolae_concentric_dashed_squares_mild
D:2:      layout_basic
D:3:      layout_loops_ring, nicolae_overflow_crystal_walls,
          dreamdust_wishing_well, grunt_decor_arrowhead,
          amcnicky_mini_rare_corridor_liquid, serial_bayou_crossing,
          uniq_terence, uniq_ijyb, uniq_crazy_yiuf_cottage
D:4:      layout_rooms, grunt_temple_overflow_champion_of_chaos, serial_shops,
          nicolae_shop_advertising_works [nicolae_subvault_shop_adworks],
          uniq_duvessa, uniq_sigmund
D:5:      layout_cave_pods, uniq_edmund

Skill      XL: |  1  2  3  4  5  6  7 |
---------------+----------------------+-----
Fire Magic     | 3 4 5 |  5.1
Stealth        | 2 |  2.2
Dodging        | 2 3 |  3.2
Conjurations   | 2 3 |  3.3
Short Blades   | 1 |  1.4
Fighting       | 1 2 |  2.3
Spellcasting   | 3 |  3.6
Staves         | 1 |  1.6
Unarmed Combat | |  0.4
Evocations     | |  0.4

Action                     |  1- 3 |  4- 6 |  7- 9 || total
---------------------------+-------+-------+-------++-------
  Melee: Unarmed           |     1 |    13 |       ||    14
         Dagger            |    12 |    43 |    23 ||    78
         Quarterstaff      |       |    11 |       ||    11
         Punch             |       |     1 |       ||     1
   Cast: Foxfire           |    88 |    57 |    20 ||   165
         Scorch            |       |    10 |     8 ||    18
    Use: Potion            |     1 |     7 |       ||     8
         Scroll            |       |     9 |     3 ||    12
 Armour: Robe              |     9 |    20 |     3 ||    32
         Skin              |       |     5 |       ||     5
  Dodge: Dodged            |    13 |    51 |    28 ||    92

Table legend: (Time is in decaauts)
 A = Elapsed time spent in this place.
 B = Non-inter-level travel time spent in this place.
 C = Inter-level travel time spent in this place.
 D = Time resting spent in this place.
 E = Time spent auto-exploring this place.
 F = Levels seen in this place.
 G = Mean time per level.
                   A        B        C        D        E       F      G
               +--------+--------+--------+--------+--------+-----+--------+
         Total |   4554 |   4465 |     89 |      0 |   3756 |   5 |  910.8 |
       Dungeon |   4554 |   4465 |     89 |      0 |   3756 |   5 |  910.8 |
               +--------+--------+--------+--------+--------+-----+--------+

Top non-repeatable levels by time:
     D:1: 1429 daAuts
     D:3: 1306 daAuts
     D:4: 937 daAuts
     D:2: 787 daAuts
     D:5: 93 daAuts
